 Dungeon Crawl Stone Soup version 0.27-a0-1188-g73eefd5def (webtiles) character file.

Game seed: 8093878165536147139

8 DasRunzen the Slasher (level 1, 0/13 (17) HPs)
             Began as a Demigod Gladiator on May 21, 2021.
             Slain by a kobold
             ... wielding a +2 short sword of draining
              (1 damage)
             ... on level 1 of the Dungeon.
             The game lasted 00:00:17 (205 turns).

DasRunzen the Slasher (Demigod Gladiator)            Turns: 205, Time: 00:00:18

HP:   0/13 (17)     AC:  4    Str: 15    XL:     1   Next: 80%
MP:   3/3           EV: 12    Int: 10    God:
Gold: 20            SH:  0    Dex: 15    Spells: 0/0 levels left

rFire    . . .     SeeInvis .   a - +0 long sword
rCold    . . .     Faith    .   (no shield)
rNeg     . . .     Spirit   .   b - +0 leather armour
rPois    .         Reflect  .   c - +0 helmet
rElec    .         Harm     .   (no cloak)
rCorr    .         Rampage  .   (no gloves)
Will     .....                  (no boots)
Stlth    +.........             (no amulet)
HPRegen  0.04/turn              (no ring)
MPRegen  0.08/turn              (no ring)

@: heavily drained
A: high mp 1, forlorn
a: no special abilities


You were on level 1 of the Dungeon.
You visited 1 branch of the dungeon, and saw 1 of its levels.

You collected 20 gold pieces.

Inventory:

Hand Weapons
 a - a +0 long sword (weapon)
Missiles
 d - 3 throwing nets (quivered)
Armour
 b - a +0 leather armour (worn)
 c - a +0 helmet (worn)


   Skills:
 + Level 1.9 Fighting
 + Level 2.8 Long Blades
 - Level 1.7 Throwing
 + Level 0.4 Armour
 + Level 2.8 Dodging
 + Level 0.3 Spellcasting


You couldn't memorise any spells.
You didn't know any spells.
Your spell library was empty.

Dungeon Overview and Level Annotations

Branches:
Dungeon (1/15)


Innate Abilities, Weirdness & Mutations

Your attributes grow dramatically as you level up.
You have an increased reservoir of magic. (+10% MP)
You shall have no god before yourself.


Message History

a +0 club; a goblin corpse A rat comes into view.
Found 14 bolts.
A rat is nearby!
The rat misses you.
You hit the rat.
The rat is severely wounded.
The rat closely misses you. The rat bites you but does no damage.
You hit the rat.
You kill the rat!
No target in view!
Found 13 stones.
A rat comes into view.
Found a stone staircase leading down.
The rat bites you.
You closely miss the rat. The rat closely misses you.
You slash the rat!
You kill the rat!
No target in view!
You open the door.
There is an open door here.
A frilled lizard and a kobold come into view.
The kobold is wielding a +2 short sword of draining.
The kobold shouts!
The frilled lizard hisses angrily.
The kobold hits you with a +2 short sword of draining.
You feel drained.
You closely miss the frilled lizard. The kobold closely misses you.
The frilled lizard closely misses you.
You riposte.
You slash the frilled lizard!
You kill the frilled lizard!
The kobold hits you with a +2 short sword of draining.
You feel drained.
You are too injured to fight recklessly!
You are too injured to fight recklessly!
You are too injured to fight recklessly!
You completely miss the kobold.
The kobold hits you with a +2 short sword of draining.
* * * LOW HITPOINT WARNING * * *
You feel drained.
You die...

....####### #..
.........# #... ##+###
##........#
#...##....#. .........#
#......(..#.##........#
..........+..>.(......#
#.........# #..†K.....#
#......†..#+#...@.....#
#.................#.#
#####.......##....#
#######.......'.....#
..............###...#
##..####............#
##...# ####.#####...#
#....# #... ...# .....#
##### #..#


You could see a kobold.

Vanquished Creatures
  2 endoplasms (D:1)
  A goblin (D:1)
  A hobgoblin (D:1)
  2 frilled lizards (D:1)
  2 rats (D:1)
8 creatures vanquished.

Notes
Turn   | Place    | Note
-------+----------+-------------------------------------------
     0 | D:1      | DasRunzen the Demigod Gladiator began the quest for the
                  | Orb.
     0 | D:1      | Reached XP level 1. HP: 17/17 MP: 3/3
   205 | D:1      | Slain by a kobold

Illustrated notes

Levels and vault maps discovered:
D:1:      psy_arrival_spokes, layout_basic

Action                   || total
-------------------------++-------
Melee: Long sword        ||    20
Armor: Leather armour    ||     6
Dodge: Dodged            ||    13
       Rpst.: Long sword ||     3

Table legend: (Time is in decaauts)
 A = Elapsed time spent in this place.
 B = Non-inter-level travel time spent in this place.
 C = Inter-level travel time spent in this place.
 D = Time resting spent in this place.
 E = Time spent auto-exploring this place.
 F = Levels seen in this place.
 G = Mean time per level.
                   A        B        C        D        E       F      G
               +--------+--------+--------+--------+--------+-----+--------+
         Total |    210 |    210 |      0 |      0 |    160 |   1 |  210.0 |
       Dungeon |    210 |    210 |      0 |      0 |    160 |   1 |  210.0 |
               +--------+--------+--------+--------+--------+-----+--------+

Top non-repeatable levels by time:
     D:1: 210 daAuts
